 Dungeon Crawl Stone Soup version 0.19-a0-1937-g70ed36a (webtiles) character file.

3628 varam the Protected (level 9, -7/82 HPs)
             Began as a Troll Monk on Oct 26, 2016.
             Was a High Priest of Okawaru.
             Mangled by Grum
             ... wielding a -1 spear of freezing
              (12 damage)
             ... on level 8 of the Dungeon.
             The game lasted 00:12:41 (5771 turns).

varam the Protected (Troll Monk)                    Turns: 5771, Time: 00:12:41

Health: -7/82      AC:  7    Str: 26    XL:     9   Next: 87%
Magic:  6/8        EV: 13    Int:  6    God:    Okawaru [*****.]
Gold:   287        SH:  0    Dex: 12    Spells: 0 memorised, 8 levels left

rFire  . . .     SeeInvis +       - Unarmed
rCold  . . .     Gourm    +     a - +0 robe
rNeg   . . .     Faith    .     (no shield)
rPois  .         Spirit   .     (helmet restricted)
rElec  .         Reflect  .     (no cloak)
rCorr  .         Harm     .     (gloves unavailable)
MR     +....                    (boots unavailable)
Stlth  +++.......               k - amulet of magic regeneration
                                u - ring of protection from magic
                                g - ring of see invisible

@: heroism
A: unfitting armour, claws 3, rugged brown scales 1, see invisible, fast
metabolism 3, gourmand, regeneration 1, shaggy fur 1, strong 1, tough skin 2
a: Heroism, Finesse, Renounce Religion


You were on level 8 of the Dungeon.
You worshipped Okawaru.
Okawaru was extremely pleased with you.
You were completely stuffed.

You visited 2 branches of the dungeon, and saw 9 of its levels.

You collected 287 gold pieces.

Inventory:

Missiles
 d - 3 javelins (quivered)
Armour
 a - a +0 robe (worn)
Jewellery
 g - a ring of see invisible (left claw)
 k - an amulet of magic regeneration (around neck)
 u - a ring of protection from magic (right claw)
 x - an uncursed ring of flight {unknown}
 G - an uncursed ring of protection from magic
 N - an uncursed amulet of the gourmand {unknown}
Wands
 j - a wand of flame (18/48)
 B - a wand of iceblast (3/15)
 L - a wand of flame (29/48)
 M - a wand of lightning (8/15)
 O - a wand of iceblast (10/15)
Scrolls
 e - 4 scrolls of identify {@r1}
 h - 2 scrolls of blinking {unknown}
 l - 3 scrolls of noise
 n - a scroll of recharging {unknown}
 p - 2 scrolls of teleportation {unknown}
 t - 2 scrolls of amnesia {unknown}
 v - 3 scrolls of enchant armour {unknown}
 y - a scroll of fear {unknown}
 z - 7 scrolls of remove curse {@r2}
 A - 2 scrolls of fog {unknown}
 D - 2 scrolls of magic mapping {unknown}
 I - a scroll of random uselessness {unknown}
Potions
 f - 2 potions of cure mutation {unknown}
 i - a potion of brilliance
 o - 3 potions of ambrosia
 q - a potion of curing {unknown}
 r - 2 potions of degeneration {unknown}
 s - a potion of mutation {unknown}
 w - 2 potions of haste {unknown}
 C - a potion of might {unknown}
 E - a potion of agility {unknown}
 F - 3 potions of flight {unknown}
 J - 2 potions of lignification {unknown}
 K - a potion of beneficial mutation {unknown}
Comestibles
 b - 6 bread rations
 c - 3 meat rations
 m - a slice of pizza
 H - 2 beef jerkies
 P - a chunk of flesh


   Skills:
 - Level 2.4(7.4) Fighting
 * Level 9.5(14.5) Armour
 - Level 2.4(7.4) Dodging
 - Level 1.0(6.0) Stealth
 + Level 9.0(14.0) Unarmed Combat


You had 8 spell levels left.
You didn't know any spells.

Dungeon Overview and Level Annotations

Branches:
Dungeon (8/15)             Temple (1/1) D:4
   Lair: D:8-11

Altars:
Ashenzari
Cheibriados
Dithmenos
Elyvilon
Gozag
Kikubaaqudgha
Makhleb
Okawaru
Ru
Sif Muna
Uskayaw
Vehumet
Yredelemnul
Zin
The Shining One

Shops:
D:7 *

Annotations:
D:8 Grum


Innate Abilities, Weirdness & Mutations

You are too large for most types of armour.
You have claws for hands.
Your metabolism is lightning-fast.
You like to eat raw meat.
Your natural rate of healing is unusually fast.
You are covered in fur. (AC +1)
You have very tough skin. (AC +2)
You are partially covered in rugged brown scales. (AC +1, +3% HP)
You have supernaturally acute eyesight. (SInv)
Your muscles are strong. (Str +2)


Message History

The wolf bites you!
You scratch the wolf.
The wolf is almost dead.
The wolf bites you!
You barely miss the wolf.
The wolf is almost dead.
The wolf closely misses you. The wolf bites you but does no damage.
Grum hits you with a spear of freezing! Grum freezes you.
You mangle Grum!!
Grum is severely wounded.
The wolf bites you but does no damage. Grum hits you with a spear of freezing!
* * * LOW HITPOINT WARNING * * *
Grum freezes you.
* * * LOW HITPOINT WARNING * * *
The wolf misses you.
You gain the combat prowess of a mighty hero.
The wolf bites you.
* * * LOW HITPOINT WARNING * * *
Grum hits you with a spear of freezing!
You die...

..##.#.#.###..#..# #.#.
................###
.....#r..........#
#...#####.....###
#...#####.....###
#...............#
#..............##
...#...##g##......##
........h@..........#
........h#..........# ...#
##..........#.##...## ...# #
#.#....#...#.......# ...##.#
#.#................#
#..##.###.#...##...#.##....######
#.....................÷.....†...#
......................<..........
#..######.#...##...#.##..##......


You could see Grum and 2 wolves.

Vanquished Creatures
  Pikel (D:6)
  A queen bee (D:8)
  A basilisk (D:8)
  A yak (D:8)
  Edmund (D:5)
  Duvessa (D:6)
  2 porcupines (D:8)
  An ice beast (D:8)
  2 slaves (D:6)
  A black bear (D:7)
  A sky beast (D:6)
  2 wolves (D:8)
  3 ogres
  A centaur (D:5)
  Blork the orc (D:6)
  A bullfrog (D:7)
  Dowan (D:6)
  A scorpion (D:6)
  A water moccasin skeleton (D:3)
  5 killer bees (D:8)
  A howler monkey (D:5)
  2 crimson imps
  A quasit (D:6)
  2 orc priests (D:4)
  3 hounds
  A bullfrog skeleton (D:7)
  2 centaur skeletons
  A gnoll shaman (D:8)
  3 orc wizards (D:4)
  3 iguanas
  4 worker ants
  A hound zombie (D:5)
  2 hound skeletons
  11 gnolls
  8 adders
  An ooze (D:2)
  A dart slug (D:1)
  A leopard gecko (D:2)
  14 orcs
  3 ball pythons
  3 giant cockroaches
  11 goblins
  3 hobgoblins
  13 jackals
  7 kobolds
  2 quokkas
  A ball python skeleton (D:4)
  10 bats
  2 frilled lizards
  6 rats
152 creatures vanquished.

Vanquished Creatures (others)
  A slave (D:6)
  2 fungi (D:8)
  3 plants (D:8)
6 creatures vanquished.

Grand Total: 158 creatures vanquished

Notes
Turn   | Place    | Note
-------+----------+-------------------------------------------
     0 | D:1      | varam the Troll Monk began the quest for the Orb.
     0 | D:1      | Reached XP level 1. HP: 22/22 MP: 0/0
   181 | D:1      | Reached XP level 2. HP: 29/29 MP: 1/1
   943 | D:2      | Reached XP level 3. HP: 34/36 MP: 2/2
  1138 | D:2      | Reached skill level 5 in Unarmed Combat
  1138 | D:2      | Reached XP level 4. HP: 17/44 MP: 3/3
  1766 | D:3      | Reached XP level 5. HP: 47/50 MP: 4/4
  2184 | D:4      | Found a staircase to the Ecumenical Temple.
  2219 | Temple   | Entered the Ecumenical Temple
  2227 | Temple   | Became a worshipper of Warmaster Okawaru
  2227 | Temple   | Reached * piety under Okawaru
  2227 | Temple   | Reached ** piety under Okawaru
  2290 | D:4      | Noticed an ogre
  2301 | D:4      | Killed an ogre
  2301 | D:4      | Reached XP level 6. HP: 33/59 MP: 2/5
  2476 | D:4      | Reached skill level 1 in Armour
  2590 | D:4      | Reached XP level 7. HP: 31/66 MP: 6/6
  3186 | D:5      | Entered Level 5 of the Dungeon
  3484 | D:5      | Found a burning altar of Makhleb.
  3628 | D:5      | Reached *** piety under Okawaru
  3972 | D:5      | Noticed Edmund
  3982 | D:5      | Killed Edmund
  3982 | D:5      | Reached XP level 8. HP: 54/74 MP: 7/7
  4209 | D:6      | Reached skill level 5 in Armour
  4213 | D:6      | Gained mutation: You are partially covered in rugged brown scales. (AC +1, +3% HP) [mutagenic meat]
  4214 | D:6      | Gained mutation: You occasionally shout uncontrollably at your foes. [mutagenic meat]
  4215 | D:6      | Lost mutation: You occasionally shout uncontrollably at your foes. [mutagenic meat]
  4216 | D:6      | Gained mutation: Your muscles are strong. (Str +2) [mutagenic meat]
  4217 | D:6      | Gained mutation: You have supernaturally acute eyesight. (SInv) [mutagenic meat]
  4232 | D:6      | Noticed Duvessa
  4232 | D:6      | Noticed Dowan
  4246 | D:6      | Killed Duvessa
  4247 | D:6      | Killed Dowan
  4247 | D:6      | Reached **** piety under Okawaru
  4293 | D:6      | Noticed Pikel
  4316 | D:6      | Killed Pikel
  4323 | D:6      | Reached XP level 9. HP: 22/82 MP: 8/8
  4449 | D:6      | Noticed Blork the orc
  4456 | D:6      | Killed Blork the orc
  4880 | D:7      | Found a shadowy altar of Dithmenos.
  4966 | D:7      | Found Doeteokh's General Store.
  5381 | D:8      | Noticed a queen bee
  5389 | D:8      | Killed a queen bee
  5389 | D:8      | Reached ***** piety under Okawaru
  5750 | D:8      | Noticed Grum
  5771 | D:8      | Mangled by Grum

Vault maps used:
D:1:      minmay_arrival_floating_metal
D:3:      glass_columns_b, kennysheep_generic_room_2
D:4:      first_bread
D:5:      bloody_makhleb, uniq_edmund
D:6:      uniq_pikel, uniq_duvessa, uniq_blork_the_orc
D:7:      serial_curves, eino_curves_04, eino_curves_04, serial_shops, shop,
          nicolae_dithmenos_shadow_blocks
D:8:      minmay_lair_entry_grove, david_nohive_1, kennysheep_pointless_box,
          uniq_grum, uniq_psyche
Temple:   dpeg_three_leaves_temple

Skill      XL: |  1  2  3  4  5  6  7  8  9 |
---------------+----------------------------+-----
Unarmed Combat | 4 5 6 7 8 9 |  9.0
Armour         | 1 4 7 9 |  9.5
Fighting       | |  2.4
Dodging        | |  2.4
Stealth        | |  1.0

Action                   |  1- 3 |  4- 6 |  7- 9 || total
-------------------------+-------+-------+-------++-------
Melee: Unarmed           |    70 |   131 |   242 ||   443
       Punch             |       |     4 |     8 ||    12
Throw: Javelin           |       |       |    12 ||    12
Invok: Heroism           |       |     1 |     2 ||     3
  Use: Scroll            |       |     5 |       ||     5
 Stab: Sleeping          |     4 |       |     3 ||     7
  Eat: Chunk             |    16 |    13 |    34 ||    63
Armor: Robe              |    26 |    32 |    78 ||   136
Dodge: Dodged            |    35 |    49 |   115 ||   199
